 Dungeon Sprint DCSS version 0.17-a0-1248-g117de50 (webtiles) character file.

5027 Kidiri the Unseen (level 10, -9/55 HPs)
             Began as a Spriggan Assassin on June 5, 2015.
             Was the Champion of Dithmenos.
             Mangled by an eidolon (22 damage)
             ... while paralysed by a giant eyeball
             ... in the Dungeon (Sprint VII: "The Pits").
             The game lasted 00:13:44 (1928 turns).

Kidiri the Unseen (Spriggan Assassin)               Turns: 1928, Time: 00:13:44

Health: -9/55      AC:  5    Str: 13      XL:     10   Next: 30%
Magic:  1/11       EV:  4    Int: 13 (14) God:    Dithmenos [******]
Gold:   0          SH:  0    Dex: 20      Spells: 0 memorised, 9 levels left

rFire  . . .     SeeInvis +     w - +2 rapier (drain)
rCold  . . .     Clarity  .     y - +2 robe {MR+}
rNeg   . . .     SustAt   .     (shield restricted)
rPois  .         Gourm    .     (helmet restricted)
rElec  .         Spirit   .     d - +0 cloak
rCorr  .         Warding  .     (gloves unavailable)
rMut   .         NoTele   +     (boots unavailable)
MR     ++...                    (no amulet)
Stlth  ++++++++++               u - +3 ring of strength
                                t - +3 ring of strength

@: paralysed, slowed, wreathed by umbra, very quick, very resistant to hostile
enchantments, uncannily stealthy
A: unfitting armour, see invisible, herbivore 3, speed 3, slow metabolism 2
a: Shadow Step, Shadow Form, Renounce Religion


You were in the Dungeon.
You worshipped Dithmenos.
Dithmenos was exalted by your worship.
You were not hungry.

You visited 1 branch

Inventory:

Hand weapons
 a - a +2 dagger
 b - a +0 blowgun
 s - a +1 dagger of venom
 w - a +2 rapier of draining (weapon)
Missiles
 e - 7 poisoned needles
 f - 2 curare-tipped needles
Armour
 c - a +0 robe
 d - a +0 cloak (worn)
 x - a +2 robe of cold resistance
 y - a +2 robe of magic resistance (worn)
Jewellery
 t - a +3 ring of strength (left hand)
 u - a +3 ring of strength (right hand)
Scrolls
 m - a scroll of blinking
 p - 3 scrolls of remove curse
 q - 5 scrolls of amnesia
 r - a scroll of summoning
Potions
 h - 8 potions of curing
 i - 6 potions of heal wounds
 j - 2 potions of haste
 k - 4 potions of magic
 l - 4 potions of berserk rage
 o - 2 potions of invisibility
 v - 2 potions of resistance
Comestibles
 g - 8 bread rations
 n - 40 fruits


   Skills:
 + Level 7.5 Fighting
 * Level 13.4 Short Blades
 + Level 9.8 Throwing
 * Level 16.5 Dodging
 * Level 18.4 Stealth


You had 9 spell levels left.
You didn't know any spells.

Dungeon Overview and Level Annotations

Branches:
Dungeon (1/1)

Altars:
Ashenzari
Cheibriados
Dithmenos
Elyvilon
Fedhas
Gozag
Kikubaaqudgha
Makhleb
Nemelex Xobeh
Okawaru
Qazlal
Ru
Sif Muna
Trog
Vehumet
Xom
Yredelemnul
Zin
The Shining One
Beogh
Jiyva
Lugonu


Innate Abilities, Weirdness & Mutations

You are tiny and cannot use many weapons and most armour.
You have supernaturally acute eyesight.
You are a herbivore.
You cover ground extremely quickly.
You need consume almost no food.


Message History

Your shadow hits the vampire mosquito with a rapier.
The vampire mosquito completely misses you.
You hit the vampire mosquito but do no damage.
The vampire mosquito is almost destroyed.
The vampire mosquito misses you.
You hit the eidolon but do no damage. The eye of draining gazes at you.
You hit the eidolon.
The eidolon is lightly damaged.
Your shadow hits the eidolon but does no damage.
The giant eyeball gazes at you.
You suddenly lose the ability to move!
The eidolon hits you!!
You emit a cloud of dark smoke.
The eidolon drains your vigour!
You feel yourself slow down. The eidolon hits you!
* * * LOW HITPOINT WARNING * * *
You feel dopey.
The eidolon radiates an aura of fear!
You resist with some effort. The eidolon hits you!!
You die...

+###### +##############
#### .....#...'....###...#
...###...###...#...#
.)##.'...'.##.....#### ..
.##..##'##..##...##..##..##
.#..##...##..'§.§#.i.G....r
.#..#.....#..#§§§#yMr.#..#.
.'..'.....').'§§@WYyF...i.
.#..#.....#..#§§§#YsG.#..#
.#..##...##..'§§§#Yy.......
.##..##'##).##...##..##..##
..##.'...'.##..).)#### ...
...###...###...#[..## g.
....%#.).'....###.))#
############### #####


You could see 2 death yaks, an eidolon, a guardian mummy, a vampire mosquito and
a spriggan.

Vanquished Creatures
  Erica (D)
  An unseen horror (D)
  An orc sorcerer (D)
  A hornet (D)
  An elephant (D)
  A gargoyle (D)
  A fire drake (D)
  An efreet (D)
  A merfolk (D)
  2 polar bears (D)
  A two-headed ogre (D)
  A snapping turtle (D)
  A fire bat (D)
  A warg (D)
  An orc warrior (D)
  A wasp (D)
  A phantom (D)
  A brain worm (D)
  A small abomination (D)
  A big kobold (D)
  A scorpion (D)
  5 killer bees (D)
  2 orc priests (D)
  An orc wizard (D)
  2 worker ants (D)
  A river rat (D)
  An adder (D)
  A white imp (D)
  An adder skeleton (D)
  A giant gecko (D)
  5 orcs (D)
  A bat skeleton (D)
  2 hobgoblins (D)
  2 kobolds (D)
  3 quokkas (D)
  A bat (D)
  A giant newt (D)
  2 rats (D)
54 creatures vanquished.

Vanquished Creatures (others)
  A shadow dragon (D)
  An orc (D)
2 creatures vanquished.

Grand Total: 56 creatures vanquished

Notes
Turn   | Place    | Note
--------------------------------------------------------------
     0 | D        | Kidiri the Spriggan Assassin began the quest for the Orb.
     0 | D        | Reached XP level 1. HP: 10/10 MP: 2/2
    14 | D        | Reached skill level 6 in Stealth
    24 | D        | Found a sacrificial altar of Ru.
    24 | D        | Found a basalt altar of Yredelemnul.
    24 | D        | Found a shadowy altar of Dithmenos.
    24 | D        | Found a deep blue altar of Sif Muna.
    24 | D        | Found a burning altar of Makhleb.
    24 | D        | Found a shimmering altar of Xom.
    24 | D        | Found an ancient bone altar of Kikubaaqudgha.
    24 | D        | Found a sparkling altar of Nemelex Xobeh.
    25 | D        | Found a glowing golden altar of the Shining One.
    25 | D        | Found a bloodstained altar of Trog.
    25 | D        | Found a shattered altar of Ashenzari.
    25 | D        | Found a white marble altar of Elyvilon.
    25 | D        | Found a snail-covered altar of Cheibriados.
    25 | D        | Found a blossoming altar of Fedhas.
    25 | D        | Found a radiant altar of Vehumet.
    25 | D        | Found a glowing silver altar of Zin.
    25 | D        | Found a corrupted altar of Lugonu.
    25 | D        | Found a viscous altar of Jiyva.
    25 | D        | Found a roughly hewn altar of Beogh.
    25 | D        | Found an iron altar of Okawaru.
    28 | D        | Became a worshipper of Dithmenos the Shadowed
    32 | D        | Found a stormy altar of Qazlal.
    32 | D        | Found an opulent altar of Gozag.
    37 | D        | Killed a shadow dragon
    88 | D        | Noticed a brain worm
    90 | D        | Killed a brain worm
    90 | D        | Reached skill level 5 in Dodging
    90 | D        | Reached skill level 8 in Stealth
    90 | D        | Reached XP level 2. HP: 14/16 MP: 3/3
    90 | D        | Reached XP level 3. HP: 16/19 MP: 4/4
    90 | D        | Reached XP level 4. HP: 19/23 MP: 5/5
    93 | D        | Reached skill level 5 in Short Blades
   147 | D        | Noticed a worker ant
   155 | D        | Killed a worker ant
   155 | D        | Acquired Dithmenos's first power
   155 | D        | Reached skill level 9 in Stealth
   296 | D        | Noticed a phantom
   353 | D        | Killed a phantom
   353 | D        | Reached skill level 10 in Stealth
   353 | D        | Reached XP level 5. HP: 21/28 MP: 6/6
   431 | D        | Noticed a worker ant
   433 | D        | Killed a worker ant
   433 | D        | Acquired Dithmenos's second power
   453 | D        | Noticed a hornet
   455 | D        | Killed a hornet
   455 | D        | Acquired Dithmenos's third power
   455 | D        | Reached skill level 11 in Dodging
   455 | D        | Reached skill level 13 in Stealth
   455 | D        | Reached XP level 6. HP: 33/35 MP: 7/7
   455 | D        | Reached XP level 7. HP: 35/38 MP: 8/8
   457 | D        | Noticed an orc priest
   459 | D        | Killed an orc priest
   488 | D        | Noticed an orc wizard
   488 | D        | Noticed an elephant
   488 | D        | Noticed an efreet
   505 | D        | Acquired Dithmenos's fourth power
   525 | D        | Killed an orc wizard
   710 | D        | Killed an elephant
   710 | D        | Reached skill level 5 in Fighting
   760 | D        | Killed an efreet
   760 | D        | Reached skill level 14 in Stealth
   760 | D        | Reached XP level 8. HP: 30/43 MP: 9/9
   919 | D        | Noticed a scorpion
   919 | D        | Noticed a two-headed ogre
   921 | D        | Killed a two-headed ogre
   921 | D        | Reached skill level 10 in Short Blades
   923 | D        | Killed a scorpion
   941 | D        | Noticed a wasp
   943 | D        | Killed a wasp
  1007 | D        | Noticed an unseen horror
  1016 | D        | Killed an unseen horror
  1016 | D        | Reached skill level 15 in Stealth
  1019 | D        | Noticed a warg
  1019 | D        | Noticed an orc sorcerer
  1021 | D        | Killed an orc sorcerer
  1021 | D        | Reached skill level 16 in Stealth
  1021 | D        | Reached XP level 9. HP: 47/49 MP: 5/10
  1029 | D        | Killed a warg
  1081 | D        | Noticed a snapping turtle
  1081 | D        | Noticed a big kobold
  1083 | D        | Killed a snapping turtle
  1084 | D        | Killed a big kobold
  1118 | D        | Noticed a fire drake
  1328 | D        | Killed a fire drake
  1328 | D        | Reached skill level 15 in Dodging
  1354 | D        | Noticed an eidolon
  1354 | D        | Noticed a vampire mosquito
  1354 | D        | Noticed a vampire mosquito
  1356 | D        | Noticed a polar bear
  1356 | D        | Noticed a vampire mosquito
  1357 | D        | Noticed a spriggan
  1360 | D        | Noticed a polar bear
  1360 | D        | Noticed a killer bee
  1360 | D        | Noticed a killer bee
  1361 | D        | Noticed a killer bee
  1361 | D        | Noticed a killer bee
  1362 | D        | Killed a killer bee
  1363 | D        | Killed a polar bear
  1363 | D        | Reached skill level 17 in Stealth
  1364 | D        | Noticed a killer bee
  1364 | D        | Noticed a merfolk
  1364 | D        | Noticed Erica
  1365 | D        | Killed a merfolk
  1366 | D        | Killed a killer bee
  1367 | D        | Killed a killer bee
  1369 | D        | Killed Erica
  1369 | D        | Reached XP level 10. HP: 53/55 MP: 2/11
  1370 | D        | Killed a killer bee
  1380 | D        | Killed a killer bee
  1818 | D        | Noticed a gargoyle
  1835 | D        | Killed a polar bear
  1835 | D        | Reached skill level 18 in Stealth
  1841 | D        | Noticed an orc priest
  1842 | D        | Noticed an orc warrior
  1842 | D        | Noticed a small abomination
  1843 | D        | Killed an orc priest
  1844 | D        | Killed a gargoyle
  1846 | D        | Killed a small abomination
  1849 | D        | Killed an orc warrior
  1858 | D        | Noticed a death yak
  1861 | D        | Noticed a fire bat
  1862 | D        | Noticed a death yak
  1898 | D        | Noticed an eye of draining
  1899 | D        | Noticed a spiny frog
  1899 | D        | Noticed a death yak
  1901 | D        | Noticed a hell rat
  1901 | D        | Noticed a guardian mummy
  1903 | D        | Noticed a mottled dragon
  1904 | D        | Noticed a trapdoor spider
  1907 | D        | Killed a fire bat
  1925 | D        | Paralysed by a giant eyeball for 3 turns
  1928 | D        | Mangled by an eidolon

Vault maps used:
D:        pitsprint

Action                   |  1- 3 |  4- 6 |  7- 9 | 10-12 || total
-------------------------+-------+-------+-------+-------++-------
Melee: Dagger            |     4 |    49 |    19 |     1 ||    73
       Rapier            |       |       |    27 |    67 ||    94
 Fire: Blowgun           |       |     1 |    11 |       ||    12
Invok: Shadow Step       |       |       |     6 |     2 ||     8
  Use: Potion            |       |     1 |     2 |     1 ||     4
 Stab: Sleeping          |     4 |     9 |    16 |     7 ||    36
       Distracted        |       |       |     1 |     2 ||     3
